 Dungeon Sprint DCSS version 0.29-a0-251-g80730f7218 (webtiles) character file.

Game seed: 17524449013164321139

2982 mhtbhm the Severer (level 9, 0/90 HPs)
             Began as a Minotaur Berserker on Mar 5, 2022.
             Was an Elder of Trog.
             Slain by a tentacle (13 damage)
             ... attached to a kraken
             ... in the Dungeon (Sprint II: "The Violet Keep of Menkaure").
             The game lasted 00:02:24 (1091 turns).

mhtbhm the Severer (Minotaur Berserker)             Turns: 1091, Time: 00:02:24

Health: 0/90       AC: 15    Str: 26    XL:     9   Next: 53%
Magic:  8/8        EV: 10    Int:  4    God:    Trog [****..]
Gold:   47         SH:  0    Dex: 10    Spells: 8/8 levels left

rFire   + . .      SeeInvis .   a - +1 war axe (vorpal)
rCold   . . .      Faith    .   (no shield)
rNeg    . . .      Spirit   .   b - +1 plate armour {rF+}
rPois   +          Reflect  .   (helmet restricted)
rElec   .          Harm     .   (no cloak)
rCorr   .          Rampage  .   (no gloves)
Will    .....      NoTele   +   (no boots)
Stlth   ..........              (no amulet)
HPRegen 0.25/turn               i - ring of poison resistance
MPRegen 0.11/turn               (no ring)

@: on berserk cooldown, slowed, unable to read, very slow
A: horns 2, retaliatory headbutt, frail 1, inability to read while threatened
a: Renounce Religion, Berserk, Trog's Hand, Brothers in Arms


You were in the Dungeon.
You worshipped Trog.
Trog was greatly pleased with you.
You visited 1 branch You collected 983 gold pieces.
You spent 936 gold pieces at shops.

Inventory:

Hand Weapons
 a - a +1 vorpal war axe (weapon)
Armour
 b - a +1 plate armour of fire resistance (worn)
Jewellery
 i - a ring of poison resistance (left hand)
Scrolls
 h - a scroll of blinking
Potions
 e - a potion of haste
 f - 2 potions of magic
 g - a potion of berserk rage


   Skills:
 + Level 16.3 Fighting
 + Level 16.9 Axes
 + Level 9.5 Armour
 + Level 8.3 Dodging
 + Level 0.3 Stealth


You had 8 spell levels left.
You didn't know any spells.
Your spell library was empty.

Dungeon Overview and Level Annotations

Branches:
Dungeon (1/1)

Altars:
Cheibriados
Dithmenos
Elyvilon
Fedhas
Gozag
Kikubaaqudgha
Makhleb
Nemelex Xobeh
Okawaru
Sif Muna
Trog
Uskayaw
Vehumet
Yredelemnul
Zin
Beogh
Jiyva
Lugonu

Shops:
D =(:*:=[?![(:[!:

Annotations:
D exclusion: oklob plant


Innate Abilities, Weirdness & Mutations

You have a pair of horns on your head.
You reflexively headbutt those who attack you in melee.
You are frail. (-10% HP)
You sometimes lose the ability to read scrolls when taking damage.


Message History

The tentacle slaps you. The tentacle closely misses you.
You feel a strong urge to attack something.
Tentacles burst out of the water!
The tentacle slaps you!!
A tentacle segment comes into view.
You slice the tentacle segment!!
You kill the tentacle segment!
You slice the tentacle!!
The tentacle is heavily wounded.
The tentacle slaps you!!
You feel threatened and lose the ability to read scrolls!
You slash the tentacle!
You headbutt the tentacle, but do no damage.
The tentacle is almost dead.
The tentacle closely misses you. You furiously retaliate!
You headbutt the tentacle!!
You kill the tentacle!
You slice the tentacle!!
The tentacle is almost dead.
You closely miss the tentacle. The tentacle slaps you!
The tentacle slaps you but does no damage.
Tentacles burst out of the water!
You barely miss the tentacle. Your headbutt misses the tentacle.
The tentacle is almost dead.
You slash the tentacle!
The tentacle slaps you but does no damage. x2
You slash the tentacle!
You kill the tentacle!
You barely miss the tentacle.
The tentacle slaps you but does no damage.
You slash the tentacle! You headbutt the tentacle!
The tentacle is heavily wounded.
You hit the tentacle.
You are no longer berserk.
You are exhausted.
You feel yourself slow down. The tentacle slaps you!
* * * LOW HITPOINT WARNING * * *
The kraken squirts a massive cloud of ink into the water!
The tentacle slaps you!
You die...

#. +.### )▓!?)[?[$$▓▓
...####▓)!(?$!!?▓▓
#..##.#▓=)($!$?!▓▓
+..#..#▓?$?!!(?$▓▓
#..#..#▓?=[$[$)?▓▓
##..##÷#▓)$?!?$[$▓▓
###).)##▓▓▓▓▓▓▓'▓▓▓▓+▓
..≈≈≈≈≈≈≈≈†≈≈§§.@wX§≈▓
..≈#+########'###w§w≈▓
..§#....._._#≈≈≈##§§≈▓
≈.§#...._._.#§≈≈≈####▓
§§≈#..._._._#≈§§§≈#
≈≈≈#.._._._.#≈§§§§§#
≈≈≈#._._._._#§§≈≈§§+
#≈≈#_._._._.#§≈≈§§§


You could see a kraken and 3 tentacles.

Vanquished Creatures
  A merfolk siren (D)
  3 polar bears (D)
  A blink frog (D)
  4 neqoxecs (D)
  4 water moccasins (D)
  4 necrophages (D)
  4 scorpions (D)
  2 tentacles (D)
23 creatures vanquished.

Vanquished Creatures (collateral kills)
  A yaktaur (D)
  A hornet (D)
2 creatures vanquished.

Vanquished Creatures (others)
  A water moccasin (D)
  4 tentacles (D)
5 creatures vanquished.

Grand Total: 30 creatures vanquished

Notes
Turn   | Place    | Note
-------+----------+-------------------------------------------
     0 | D        | mhtbhm the Minotaur Berserker began the quest for the Orb.
     0 | D        | Reached XP level 1. HP: 19/19 MP: 0/0
     1 | D        | Noticed a merfolk siren
     8 | D        | Killed a merfolk siren
     9 | D        | Reached skill level 10 in Fighting
     9 | D        | Reached skill level 10 in Axes
     9 | D        | Reached skill level 5 in Armour
     9 | D        | Reached XP level 2. HP: 21/38 MP: 1/1
     9 | D        | Reached XP level 3. HP: 25/45 MP: 2/2
     9 | D        | Reached XP level 4. HP: 28/51 MP: 3/3
     9 | D        | Reached XP level 5. HP: 33/58 MP: 4/4
     9 | D        | Reached XP level 6. HP: 37/66 MP: 5/5
   167 | D        | Killed a water moccasin
   197 | D        | Reached ** piety under Trog
   198 | D        | Reached skill level 5 in Dodging
   209 | D        | Reached XP level 7. HP: 75/75 MP: 6/6
   236 | D        | Noticed a neqoxec
   236 | D        | Noticed a neqoxec
   236 | D        | Noticed a neqoxec
   236 | D        | Noticed a neqoxec
   239 | D        | Killed a neqoxec
   239 | D        | Reached *** piety under Trog
   243 | D        | Killed a neqoxec
   250 | D        | Gained mutation: You are frail. (-10% HP) [a neqoxec]
   250 | D        | Gained mutation: You sometimes lose the ability to read
                  | scrolls when taking damage. [a neqoxec]
   252 | D        | Killed a neqoxec
   255 | D        | Killed a neqoxec
   256 | D        | Reached XP level 8. HP: 77/77 MP: 7/7
   302 | D        | Reached **** piety under Trog
   461 | D        | Found Diyvvay's Book Shop.
   461 | D        | Found Volal's Distillery.
   461 | D        | Found Qesuh's Antique Armour Boutique.
   461 | D        | Found Zetuemu's Book Shop.
   461 | D        | Found Epiogiak's Antique Weapon Boutique.
   461 | D        | Found Nehuiru's Antique Armour Boutique.
   462 | D        | Found Ceawn's Distillery.
   462 | D        | Found Toessiuc's Magic Scroll Shop.
   463 | D        | Found Wempaeph's Antique Armour Shop.
   463 | D        | Found Qeybly's Jewellery Boutique.
   469 | D        | Noticed a blink frog
   476 | D        | Killed a blink frog
   587 | D        | Found Yboatyim's Book Boutique.
   587 | D        | Found Xextirid's General Store.
   587 | D        | Noticed an oklob plant
   588 | D        | Found Zuraagyuh's Antique Weapon Shop.
   588 | D        | Found Tozejud's Jewellery Boutique.
   588 | D        | Found Lorohoe Uggo's Book Shoppe.
   598 | D        | Reached ***** piety under Trog
   599 | D        | Reached skill level 15 in Axes
   613 | D        | Noticed an iron elemental
   645 | D        | Bought a shiny plate armour for 676 gold pieces
   666 | D        | Bought a ring of poison resistance for 260 gold pieces
   702 | D        | Found a snail-covered altar of Cheibriados.
   703 | D        | Found a shadowy altar of Dithmenos.
   703 | D        | Found a viscous altar of Jiyva.
   704 | D        | Found a white marble altar of Elyvilon.
   704 | D        | Found an ancient bone altar of Kikubaaqudgha.
   705 | D        | Found a blossoming altar of Fedhas.
   705 | D        | Found a corrupted altar of Lugonu.
   705 | D        | Found a shimmering blue altar of Sif Muna.
   706 | D        | Found an opulent altar of Gozag.
   706 | D        | Found a burning altar of Makhleb.
   706 | D        | Found a bloodstained altar of Trog.
   707 | D        | Found a sparkling altar of Nemelex Xobeh.
   707 | D        | Found a hide-covered altar of Uskayaw.
   708 | D        | Found an iron altar of Okawaru.
   708 | D        | Found a radiant altar of Vehumet.
   708 | D        | Found a glowing silver altar of Zin.
   708 | D        | Found a basalt altar of Yredelemnul.
   708 | D        | Noticed a polar bear
   708 | D        | Noticed a polar bear
   708 | D        | Noticed a polar bear
   719 | D        | Killed a polar bear
   720 | D        | Noticed a hornet
   731 | D        | Killed a polar bear
   732 | D        | Reached skill level 15 in Fighting
   732 | D        | Reached XP level 9. HP: 26/87 MP: 8/8
   735 | D        | Noticed a yaktaur
   739 | D        | Killed a polar bear
   739 | D        | Received a gift from Trog
   744 | D        | HP: 4/87 [hornet (4)]
   746 | D        | Killed a yaktaur
  1075 | D        | Noticed a kraken
  1091 | D        | Slain by a tentacle

Illustrated notes

Levels and vault maps discovered:
D:        the_violet_keep_of_menkaure [sprint2_stairs_cluster_1,
          sprint2_shoproom, sprint2_temple, sprint2_basic_supplies,
          sprint2_obstacle_2, sprint2_obstacle_7, sprint2_obstacle_6,
          sprint2_obstacle_5, sprint2_obstacle_1, sprint2_timed_cluster_1,
          sprint2_smallroom_cluster_1, sprint2_smallroom_final_cluster_1,
          sprint2_transparent_cluster_1, sprint2_second_timed_cluster_1,
          sprint2_sniper_area_1, sprint2_heavy_combat_area_1,
          sprint2_mutation_trap_area_1, sprint2_forest_area_1,
          sprint2_light_combat_area_1, sprint2_behind_water_1,
          sprint2_near_end_vault_1]

Skill      XL: |  1  2  3  4  5  6  7  8  9 |
---------------+----------------------------+-----
Fighting       | 10 11 13 15 16 | 16.3
Axes           | 10 12 13 15 16 | 16.9
Armour         | 5 6 7 8 9 |  9.5
Dodging        | 4 5 6 7 8 |  8.3
Stealth        | |  0.3

Action                   |  1- 3 |  4- 6 |  7- 9 || total
-------------------------+-------+-------+-------++-------
Melee: Hand axe          |     3 |    12 |    70 ||    85
       Headbutt          |     2 |     3 |    18 ||    23
       War axe           |       |       |    23 ||    23
Invok: Berserk           |     1 |     1 |     4 ||     6
       Brothers in Arms  |       |       |     1 ||     1
  Use: Potion            |       |       |     2 ||     2
Armor: Animal skin       |       |       |     1 ||     1
       Plate armour      |       |       |    32 ||    32
Dodge: Dodged            |     2 |     2 |    35 ||    39

Table legend: (Time is in decaauts)
 A = Elapsed time spent in this place.
 B = Non-inter-level travel time spent in this place.
 C = Inter-level travel time spent in this place.
 D = Time resting spent in this place.
 E = Time spent auto-exploring this place.
 F = Levels seen in this place.
 G = Mean time per level.
                   A        B        C        D        E       F      G
               +--------+--------+--------+--------+--------+-----+--------+
         Total |   1102 |   1102 |      0 |    773 |      0 |   1 | 1102.0 |
       Dungeon |   1102 |   1102 |      0 |    773 |      0 |   1 | 1102.0 |
               +--------+--------+--------+--------+--------+-----+--------+

Top non-repeatable levels by time:
       D: 1102 daAuts
